 Dungeon Crawl Stone Soup version 0.25-a0-280-gfa4545f159 (webtiles) character file.

Game seed: 11081140196875750470, levelgen mode: deterministic

59 MisterFreud the Shooter (level 4, -2/35 HPs)
             Began as a Human Wanderer on Dec 10, 2019.
             Slain by a worm (6 damage)
             ... on level 2 of the Dungeon.
             The game lasted 00:02:35 (910 turns).

MisterFreud the Shooter (Human Wanderer)             Turns: 910, Time: 00:02:36

Health: -2/35      AC:  3    Str: 12    XL:     4   Next: 22%
Magic:  4/4        EV: 11    Int: 16    God:
Gold:   168        SH:  0    Dex: 10    Spells: 3/3 levels left

rFire    . . .     SeeInvis .   a - +0 halberd
rCold    . . .     Gourm    .   (shield currently unavailable)
rNeg     . . .     Faith    .   c - +0 leather armour
rPois    .         Spirit   .   (no helmet)
rElec    .         Reflect  .   (no cloak)
rCorr    .         Harm     .   (no gloves)
MR       .....                  (no boots)
Stlth    +.........             (no amulet)
HPRegen  0.11/turn              (no ring)
MPRegen  0.09/turn              (no ring)

@: no status effects
A: no striking features
a: no special abilities


You were on level 2 of the Dungeon.
You were not hungry.

You visited 1 branch of the dungeon, and saw 2 of its levels.

You collected 168 gold pieces.

Inventory:

Hand Weapons
 a - a +0 halberd (weapon)
 b - a +0 shortbow
 l - a +0 dagger
Missiles
 d - 84 arrows
 g - 3 throwing nets (quivered)
 j - 67 stones
Armour
 c - a +0 leather armour (worn)
 e - a +0 ring mail
Scrolls
 h - 2 scrolls of teleportation {unknown}
 n - a scroll of enchant armour {unknown}
Potions
 k - a potion of magic {unknown}
 m - a potion of invisibility {unknown}
Comestibles
 f - 4 rations
 i - 5 chunks of flesh


   Skills:
 - Level 3.0 Fighting
 + Level 3.7 Bows
 - Level 1.0 Throwing
 - Level 2.0 Armour
 - Level 1.0 Dodging
 - Level 1.0 Stealth
   Level 1.0 Shields


You had 3 spell levels left.
You didn't know any spells.
Your spell library was empty.

Dungeon Overview and Level Annotations

Branches:
Dungeon (2/15)

Altars:
Nemelex Xobeh


Message History

You hit the worm.
The worm is lightly wounded.
The worm closely misses you.
You puncture the worm!
The worm is heavily wounded.
The worm barely misses you.
You puncture the worm!
The worm is almost dead.
The worm bites you.
You hit the worm but do no damage.
The worm is almost dead.
The worm bites you but does no damage.
You barely miss the worm.
The worm is severely wounded.
The worm bites you!
* * * LOW HITPOINT WARNING * * *
You hit the worm.
The worm is almost dead.
The worm bites you.
You die...

.### #. ..# ##.. #.#
#.... ##.####..#..
####..........#
########.........####
............##.#.#
######.######÷÷.# #@..#
###.÷## # #w######....#
#. ##g##.....##.####..
#.###..................
#..#..##.#######..#####
#.......# ##.#
#....w### #.#####
#.).#..†# #.....#
#.†.###..# #####..


You could see a worm and a hobgoblin.

Vanquished Creatures
  A gnoll (D:1)
  4 dart slugs (D:1)
  5 goblins
  5 hobgoblins
  6 jackals (D:2)
  5 kobolds
  A quokka (D:2)
  5 bats
  2 frilled lizards (D:2)
  6 rats
40 creatures vanquished.

Notes
Turn   | Place    | Note
-------+----------+-------------------------------------------
     0 | D:1      | MisterFreud the Human Wanderer began the quest for the Orb.
     0 | D:1      | MisterFreud set off with the following items: a +0
                  | shortbow, 3 throwing nets, a +0 leather armour, 24 arrows,
                  | a +0 ring mail, a ration
     0 | D:1      | Reached XP level 1. HP: 18/18 MP: 1/1
    40 | D:1      | Found a sparkling altar of Nemelex Xobeh.
   122 | D:1      | Reached XP level 2. HP: 15/24 MP: 2/2
   333 | D:1      | Reached XP level 3. HP: 25/29 MP: 3/3
   827 | D:2      | Reached XP level 4. HP: 29/35 MP: 4/4
   910 | D:2      | Slain by a worm

Levels and vault maps discovered:
D:1:      minmay_arrival_hallway, layout_basic, corexii_leaking_fountain,
          chequers_serial_rivers_micro_b, nemelex_xobeh_ov_fountains_minmay
D:2:      layout_rooms, first_ration, uniq_natasha

Skill      XL: |  1  2  3 |
---------------+----------+-----
Bows           | 2 3 |  3.7
Fighting       | |  3.0
Throwing       | |  1.0
Armour         | |  2.0
Dodging        | |  1.0
Stealth        | |  1.0
Shields        | |  1.0

Action                   |  1- 3 |  4- 6 || total
-------------------------+-------+-------++-------
Melee: Dagger            |    14 |       ||    14
       Halberd           |    71 |    36 ||   107
 Fire: Shortbow          |    11 |       ||    11
 Stab: Sleeping          |     2 |       ||     2
Armor: Leather armour    |    29 |    14 ||    43
Dodge: Dodged            |    57 |    23 ||    80

Table legend:
 A = Non-vault XP
 B = Vault XP
 C = Vault XP percentage of total XP
 D = Non-vault monster count
 E = Vault monster count
 F = Vault count percentage of total count
                 A         B        C        D         E       F
            +---------+---------+-------+---------+---------+-------
      Total |      85 |       0 |   0.0 |      40 |       0 |   0.0
            +---------+---------+-------+---------+---------+-------
        D:1 |      50 |       0 |   0.0 |      19 |       0 |   0.0
        D:2 |      35 |       0 |   0.0 |      21 |       0 |   0.0
            +---------+---------+-------+---------+---------+-------
